 Dungeon Crawl Stone Soup version 0.21.1-1-g345015fe64 (webtiles) character file.

56 LisaTheBanana the Poker (level 3, -7/34 HPs)
             Began as a Minotaur Chaos Knight on Apr 8, 2018.
             Engulfed by a cloud of negative energy (19 damage)
             ... on level 2 of the Dungeon.
             The game lasted 00:07:28 (1239 turns).

LisaTheBanana the Poker (Minotaur Chaos Knight)     Turns: 1239, Time: 00:07:29

Health: -7/34      AC: 11    Str: 17    XL:     3   Next: 69%
Magic:  2/2        EV:  5    Int:  9    God:    Xom [......]
Gold:   111        SH:  0    Dex:  9    Spells: 2/2 levels left

rFire    . . .     SeeInvis .   a - +0 spear (chaos)
rCold    . . .     Gourm    .   (no shield)
rNeg     . . .     Faith    .   g - +0 plate armour
rPois    .         Spirit   .   (helmet restricted)
rElec    .         Reflect  .   (no cloak)
rCorr    .         Harm     .   (no gloves)
MR       .....                  (no boots)
Stlth    ..........             (no amulet)
HPRegen  0.11/turn              (no ring)
MPRegen  0.08/turn              (no ring)

@: drained
A: retaliatory headbutt, horns 2
a: Renounce Religion


You were on level 2 of the Dungeon.
You worshipped Xom.
You were a very special plaything of Xom.
You were hungry.

You visited 1 branch of the dungeon, and saw 2 of its levels.

You collected 111 gold pieces.

Inventory:

Hand Weapons
 a - a +0 spear of chaos (weapon)
Armour
 b - a +2 leather armour
 g - a +0 plate armour (worn)
Jewellery
 f - an uncursed amulet of the gourmand {unknown}
 o - an uncursed ring of ice {unknown}
Scrolls
 d - 3 scrolls of teleportation {unknown}
 e - 2 scrolls of remove curse {unknown}
 i - 2 scrolls of amnesia {unknown}
 k - 2 scrolls of random uselessness {unknown}
 l - 2 scrolls of identify {unknown}
 p - a scroll of magic mapping {unknown}
Potions
 h - a potion of curing {unknown}
 j - a potion of might {unknown}
 m - a potion of mutation {unknown}
 n - a potion of brilliance {unknown}
Comestibles
 c - 4 rations


   Skills:
 + Level 4.4(4.0) Fighting
 + Level 4.6(4.2) Polearms
 + Level 3.1(2.7) Armour
 + Level 1.3(1.0) Dodging


You had 2 spell levels left.
You didn't know any spells.

Dungeon Overview and Level Annotations

Branches:
Dungeon (2/15)

Altars:
Ashenzari
Gozag
Sif Muna


Innate Abilities, Weirdness & Mutations

You reflexively headbutt those who attack you in melee.
You have a pair of horns on your head.


Message History

You see here a goblin corpse.
A goblin comes into view. It is wielding a club.
The goblin shouts!
You hit the goblin.
The goblin is poisoned.
You feel odd.
Your headbutt misses the goblin.
The goblin is heavily wounded.
You kill the goblin!
Things that are here:
a club; a goblin corpse
o - a knobbly coral ring
Found a stone staircase leading down. "This place needs a little more atmosphere."
You are now a very special plaything of Xom.
p - a scroll labeled HYOCSO HAACH Really walk into that cloud of negative energy?
You are engulfed in negative energy.
You feel drained.
Ouch! That really hurt!
You are engulfed in negative energy.
You feel drained.
Ouch! That really hurt!
You die...

##########..###......#
#.# #.# ......
..............# #.#
#.. .#.###
##.#..........# #.#
### ...# ####..#...##
#.# ...### #..##.##
#.# .....## #..§#.#
#.# ..#...###.#
#.#§#.# #.# ####
..........# #.#§# #>#
#... #.#..)######
#.#@# #.# #.##
#...........##.#.# #.#
#.# ####.######.......
#.# #.# #.........
...>## #.# #.#
#..######. ##### #.#
##.## #..# ### #.#
##...# ###..# ..#
#.###..... ....<# #.#
##.##...... ####.# #.#
#####......._..


There were no monsters in sight!

Vanquished Creatures
  An adder (D:2)
  An ooze (D:2)
  3 worms (D:2)
  2 dart slugs
  A ball python (D:2)
  2 bats (D:1)
  A giant cockroach (D:2)
  6 goblins
  2 quokkas (D:2)
  A frilled lizard (D:2)
  4 kobolds (D:1)
  4 rats
28 creatures vanquished.

Notes
Turn   | Place    | Note
-------+----------+-------------------------------------------
     0 | D:1      | LisaTheBanana the Minotaur Chaos Knight began the quest for the Orb.
     0 | D:1      | Reached XP level 1. HP: 19/19 MP: 0/0
    94 | D:1      | XOM: divination: detect items
   358 | D:1      | XOM: mild Erth miscast
   371 | D:1      | Reached XP level 2. HP: 27/27 MP: 1/1
   778 | D:2      | Found a deep blue altar of Sif Muna.
   830 | D:2      | XOM: cloud trail
   841 | D:2      | Reached XP level 3. HP: 27/33 MP: 2/2
   873 | D:2      | XOM: mild Erth miscast
  1013 | D:2      | XOM: harmless Tloc miscast
  1030 | D:2      | Found a shattered altar of Ashenzari.
  1131 | D:2      | Found an opulent altar of Gozag.
  1231 | D:2      | XOM: cloud trail
  1239 | D:2      | Engulfed by a cloud of negative energy

Skill      XL: |  1  2  3 |
---------------+----------+-----
Fighting       | 4 |  4.4
Polearms       | 4 |  4.6
Armour         | 3 |  3.1
Dodging        | |  1.3

Action                   || total
-------------------------++-------
Melee: Spear             ||    69
       Headbutt          ||     7
 Stab: Petrifying        ||     1
Armor: Plate armour      ||    34
Dodge: Dodged            ||    13
